 Dungeon Crawl Stone Soup version 0.23.2-30-g0e89c35649 (webtiles) character file.

Game seed: 18125009829994334716

552225 Baz the Earth Mage (level 27, 0/213 (214) HPs)
             Began as a Human Earth Elementalist on June 9, 2019.
             Was the Champion of Vehumet.
             Slain by a wandering mushroom (6 damage)
             ... summoned by a curse toe
             ... on level 3 of the Realm of Zot on June 23, 2019.
             The game lasted 04:56:42 (110266 turns).

Baz the Earth Mage (Human Earth Elementalist)     Turns: 110266, Time: 04:56:42

HP:   0/213 (214)   AC: 22    Str: 10    XL:     27
MP:   25/46         EV: 14    Int: 25    God:    Vehumet [******]
Gold: 3639          SH:  0    Dex: 24    Spells: 9/64 levels left

rFire    + . .     SeeInvis +   a - staff of energy
rCold    + . .     Gourm    .   z - +2 shield {rC+ rF+}
rNeg     + + .     Faith    .   T - +3 ring mail of the Bruised Deaths {rN+ Dex+5}
rPois    .         Spirit   .   W - +0 helmet of the Arcane {rN+ rCorr Str-3 SInv}
rElec    .         Reflect  .   J - +2 cloak of Redivofec {+Fly Slay+2}
rCorr    +         Harm     .   I - +2 pair of gloves {Dex+3}
MR       +++..                  N - +2 pair of boots
Stlth    +.........             E - amulet of regeneration
HPRegen  1.25/turn              g - ring of protection from magic
MPRegen  0.30/turn              F - +5 ring of intelligence

@: confused, slowed, very slow
A: talons 2, large bone plates 1, deterioration 1, mutation resistance 1,
regeneration 1, weak 1
}: 3/15 runes: serpentine, barnacled, slimy
a: Renounce Religion, Evoke Flight


You were on level 3 of the Realm of Zot.
You worshipped Vehumet.
Vehumet was exalted by your worship.
You were not hungry.

You visited 12 branches of the dungeon, and saw 53 of its levels.
You visited the Abyss 1 time.

You collected 5699 gold pieces.
You spent 2060 gold pieces at shops.

Inventory:

Hand Weapons
 b - the +7 demon trident of Awkwardness {freeze, +Fly rElec rF+}
   (You found it on level 3 of the Elven Halls)

   It has been specially enchanted to freeze those struck by it, causing extra
   injury to most foes and up to half again as much damage against particularly
   susceptible opponents.
   It can also slow down cold-blooded creatures.
   It protects you from fire.
   It insulates you from electricity.
   It lets you fly.
Missiles
 x - 11 throwing nets
 y - 566 stones (quivered)
Armour
 z - a +2 shield of resistance (worn)
 I - a +2 pair of gloves of dexterity (worn)
 J - the +2 cloak of Redivofec (worn) {+Fly Slay+2}
   (You bought it in a shop on level 1 of the Snake Pit)

   It affects your accuracy and damage with ranged weapons and melee attacks
   (+2).
   It lets you fly.
 N - a +2 pair of boots (worn)
 T - the +3 ring mail of the Bruised Deaths (worn) {rN+ Dex+5}
   (You found it on level 3 of the Shoals)

   It affects your dexterity (+5).
   It protects you from negative energy.
 W - the +0 helmet of the Arcane (worn) {rN+ rCorr Str-3 SInv}
   (You acquired it on level 1 of the Snake Pit)

   It affects your strength (-3).
   It protects you from negative energy.
   It lets you see invisible.
   It provides partial protection from all sources of acid and corrosion.
Magical Staves
 a - an uncursed staff of energy (weapon)
 s - an uncursed staff of wizardry
Jewellery
 g - a ring of protection from magic (left hand)
 n - the ring of Jedghol {+Inv +Fly rElec Int+3 Dex+6}
   (You found it on level 5 of the Pits of Slime)

   [ring of intelligence]

   It affects your intelligence (+3).
   It affects your dexterity (+6).
   It insulates you from electricity.
   It lets you turn invisible.
   It lets you fly.
 t - the ring "Mora" {rPois rF+ MP+9}
   (You found it on level 4 of the Depths)

   [ring of magical power]

   It protects you from fire.
   It protects you from poison.
   It affects your magic capacity (+9).
 E - an amulet of regeneration (around neck)
 F - a +5 ring of intelligence (right hand)
 G - the ring "Heycru" {rF++ Stlth-}
   (You took it off a deep elf sorcerer on level 3 of the Elven Halls)

   [ring of attention]

   It greatly protects you from fire.
   It makes you less stealthy.
 P - the ring of Freedom {Wiz +Inv +Fly rF+ Dex+4}
   (You found it on level 4 of the Depths)

   [ring of wizardry]

   It improves your spell success rate.
   It affects your dexterity (+4).
   It protects you from fire.
   It lets you turn invisible.
   It lets you fly.
Wands
 q - a wand of digging (5)
 r - a wand of acid (9)
 A - a wand of iceblast (53)
 B - a wand of clouds (20)
Scrolls
 e - 8 scrolls of blinking
 f - 26 scrolls of remove curse
 h - 9 scrolls of immolation
 j - 6 scrolls of enchant armour
 k - 6 scrolls of fog
 u - a scroll of summoning
 D - 9 scrolls of teleportation
 O - 3 scrolls of silence
 Q - 4 scrolls of magic mapping
 R - 3 scrolls of identify
 X - 3 scrolls of fear
 Z - 10 scrolls of amnesia
Potions
 c - 18 potions of curing
 i - 7 potions of haste
 m - 9 potions of flight
 o - 3 potions of ambrosia
 p - 4 potions of agility
 v - 5 potions of brilliance
 w - 3 potions of berserk rage
 C - 7 potions of heal wounds
 H - 6 potions of cancellation
 M - a potion of resistance
 S - 2 potions of magic
 U - 2 potions of might
 Y - 2 potions of invisibility
Miscellaneous
 K - a lamp of fire
 L - 3 phantom mirrors
 V - a phial of floods
Comestibles
 d - 46 rations
 l - 6 chunks of flesh


   Skills:
 - Level 17.1 Fighting
   Level 0.1 Short Blades
 - Level 7.5 Polearms
 + Level 11.8 Armour
 - Level 5.1 Dodging
 - Level 2.0 Stealth
 - Level 15.0 Shields
 - Level 19.0 Spellcasting
 + Level 15.8 Conjurations
 - Level 4.0 Translocations
 - Level 2.0 Transmutations
 - Level 10.0 Fire Magic
 - Level 6.4 Ice Magic
 + Level 19.9 Earth Magic
 - Level 13.6 Evocations


You had 9 spell levels left.
You knew the following spells:

 Your Spells              Type           Power        Failure   Level  Hunger
a - Sandblast             Erth           ######       0%          1    None
b - Stone Arrow           Conj/Erth      ######       0%          3    None
c - Lee's Rapid Deconstr  Erth           #######...   1%          5    None
d - Fireball              Conj/Fire      ######....   1%          5    None
e - Irradiate             Conj/Tmut      ######....   1%          5    None
f - Blink                 Tloc           N/A          1%          2    None
g - Bolt of Cold          Conj/Ice       ######....   1%          6    None
h - Iron Shot             Conj/Erth      #######...   1%          6    None
i - Passage of Golubria   Tloc           N/A          8%          4    None
j - Lehudib's Crystal Sp  Conj/Erth      #######...   4%          8    None
k - Shatter               Erth           #######...   28%         9    None
l - Apportation           Tloc           #####.       1%          1    None

Your spell library contained the following spells:

 Spells                   Type           Power        Failure   Level  Hunger
 Glaciate                 Conj/Ice       ######....   100%        9    None
 Flame Tongue             Conj/Fire      #####        0%          1    None
 Magic Dart               Conj           ####         0%          1    None
 Searing Ray              Conj           ######       0%          2    None
 Beastly Appendage        Tmut           ####..       1%          1    None
 Freeze                   Ice            ####         1%          1    None
 Shock                    Conj/Air       ####         1%          1    None
 Passwall                 Tmut/Erth      ######..     1%          2    None
 Throw Flame              Conj/Fire      ######       1%          2    None
 Throw Frost              Conj/Ice       ######       1%          2    None
 Conjure Flame            Conj/Fire      ######..     1%          3    None
 Dazzling Spray           Conj/Hex       ######       1%          3    None
 Ignite Poison            Fire/Tmut/Pois #####...     1%          3    None
 Inner Flame              Hex/Fire       #####...     1%          3    None
 Force Lance              Conj/Tloc      ######..     1%          4    None
 Fulminant Prism          Conj/Hex       ######....   1%          4    None
 Iskenderun's Mystic Bla  Conj           #######.     1%          4    None
 Petrify                  Tmut/Erth      ######..     1%          4    None
 Sticky Flame             Conj/Fire      ######..     1%          4    None
 Throw Icicle             Conj/Ice       ######..     1%          4    None
 Borgnjor's Vile Clutch   Necr/Erth      ######....   1%          5    None
 Shroud of Golubria       Chrm/Tloc      ####......   2%          2    None
 Sticks to Snakes         Tmut           ####....     2%          2    None
 Gell's Gravitas          Tloc           #####.....   2%          3    None
 Lesser Beckoning         Tloc           #####.....   2%          3    None
 Teleport Other           Tloc           #####...     2%          3    None
 Animate Skeleton         Necr           N/A          4%          1    None
 Confusing Touch          Hex            ###...       4%          1    None
 Corona                   Hex            ###....      4%          1    None
 Infusion                 Chrm           ###.         4%          1    None
 Summon Small Mammal      Summ           ###.         4%          1    None
 Portal Projectile        Hex/Tloc       ####..       5%          3    None
 Recall                   Summ/Tloc      N/A          5%          3    None
 Call Imp                 Summ           ###.....     6%          2    None
 Song of Slaying          Chrm           ###.....     6%          2    None
 Swiftness                Chrm/Air       ###.....     6%          2    None
 Ice Form                 Ice/Tmut       #####...     7%          4    None
 Conjure Ball Lightning   Conj/Air       ######....   7%          6    None
 Poison Arrow             Conj/Pois      ######....   7%          6    None
 Statue Form              Tmut/Erth      ######...    7%          6    None
 Spider Form              Tmut/Pois      ####......   8%          3    None
 Freezing Cloud           Conj/Ice/Air   ######....   8%          6    None
 Airstrike                Air            ###.......   11%         4    None
 Summon Ice Beast         Ice/Summ       #####...     11%         4    None
 Call Canine Familiar     Summ           ###.....     12%         3    None
 Confuse                  Hex            ###.....     12%         3    None
 Regeneration             Chrm/Necr      ###.......   12%         3    None
 Spectral Weapon          Hex/Chrm       ###.....     12%         3    None
 Summon Guardian Golem    Hex/Summ       ###.....     12%         3    None
 Vampiric Draining        Necr           ###.......   12%         3    None
 Ozocubu's Refrigeration  Ice            ######....   12%         6    None
 Yara's Violent Unravell  Hex/Tmut       ####......   19%         5    None
 Metabolic Englaciation   Hex/Ice        #####.....   30%         5    None
 Animate Dead             Necr           N/A          36%         4    None
 Summon Lightning Spire   Summ/Air       ###.....     36%         4    None
 Blade Hands              Tmut           ####......   43%         5    None
 Summon Forest            Summ/Tloc      ####......   43%         5    None
 Aura of Abjuration       Summ           ###.......   73%         5    None
 Silence                  Hex/Air        ###.......   73%         5    None
 Summon Demon             Summ           ###.......   73%         5    None
 Summon Mana Viper        Hex/Summ       ###.....     73%         5    None
 Dispersal                Tloc           #####.....   75%         6    None
 Simulacrum               Ice/Necr       #####.....   86%         6    None
 Chain Lightning          Conj/Air       ######....   91%         8    None
 Hydra Form               Tmut           ####......   95%         6    None
 Death Channel            Necr           ###.......   99%         6    None
 Deflect Missiles         Chrm/Air       ###.......   99%         6    None
 Shadow Creatures         Summ           N/A          99%         6    None
 Fire Storm               Conj/Fire      ######....   99%         9    None
 Dragon Form              Tmut           ####......   100%        7    None
 Malign Gateway           Summ/Tloc      ####......   100%        7    None
 Monstrous Menagerie      Summ           ###.......   100%        7    None
 Summon Greater Demon     Summ           ###.......   100%        7    None
 Controlled Blink         Tloc           N/A          100%        8    None
 Disjunction              Tloc           #####.....   100%        8    None
 Summon Horrible Things   Summ           ###.......   100%        8    None


Dungeon Overview and Level Annotations

Branches:
Dungeon (15/15)            Temple (1/1) D:7            Lair (6/6) D:8
 Shoals (4/4) Lair:4        Snake (4/4) Lair:3        Slime (5/5) Lair:6
    Orc (2/2) D:11            Elf (3/3) Orc:2        Vaults (4/5) D:13
  Crypt (1/3) Vaults:3     Depths (5/5) D:15            Zot (3/5) Depths:5

Altars:
Ashenzari
Cheibriados
Dithmenos
Elyvilon
Fedhas
Gozag
Hepliaklqana
Kikubaaqudgha
Makhleb
Nemelex Xobeh
Okawaru
Qazlal
Ru
Sif Muna
Trog
Uskayaw
Vehumet
Wu Jian
Xom
Yredelemnul
Zin
The Shining One
Jiyva

Shops:
D:15 ?   Orc:2 }?[*   Elf:2 *   Snake:1 [   Snake:4 *   Vaults:2 [   Vaults:3 %
Vaults:4 ([   Depths:3 ![%   Depths:4 [

Portals:
Hell: Depths:1 Depths:2 Depths:3 Depths:4 Depths:5
Abyss: Depths:4
Pandemonium: Orc:2 Depths:3
Ziggurat: Depths:2

Annotations:
D:5 Dowan
D:12 3 runed translucent doors, NochnoyZador's ghost, journeyman GrFi; vvokhom's ghost, journeyman MfGl
Slime:4 exclusion: 2 upstairs
Slime:5 Royal Jelly
Elf:2 3 runed translucent doors
Vaults:1 2 runed translucent doors, SlowGraham's ghost, legendary KoMo
Depths:2 exclusion: 2 liches


Innate Abilities, Weirdness & Mutations

You have razor-sharp toenails.
You are partially covered in large bone plates. (SH +4)
Your body sometimes deteriorates upon taking damage.
You are somewhat resistant to further mutation.
Your natural rate of healing is unusually fast.
You are weak. (Str -2)


Message History

The curse toe gestures.
The death cob hits you but does no damage.
The wandering mushroom releases spores at you but does no damage.
The death cob hits you!!
The wandering mushroom releases spores at you but does no damage.
You barely miss the wandering mushroom. The death cob hits you!
* * * LOW HITPOINT WARNING * * *
The death cob drains your vigour!
You feel as though you will be slow longer.
The death cob hits you!!
* * * LOW HITPOINT WARNING * * *
The death cob drains your vigour!
You feel as though you will be slow longer.
The death cob hits you!!
* * * LOW HITPOINT WARNING * * *
The deathcap releases spores at you!
* * * LOW HITPOINT WARNING * * *
You are engulfed in a cloud of spores!
The wandering mushroom releases spores at you.
You die...

..................# *,,,,,,,
..)...............######**,*,,,,,
....<..................,,,,*,,,,,
###############......#***********
** *,,,*,,,*#......#≈≈≈≈≈*≈≈≈≈≈
,*****,,,*,,,*#......#≈≈≈≈≈*≈≈≈≈≈
,,,,**,,,*,,,*#......#≈≈≈≈≈*≈≈≈≈≈
,,,,,,,,,,,,,*#.ff..##**********≈
,,,,,,,,,,,,,*#f@f..# *,,,*≈
,,,,,,,,,,,,**#.z...# *,,,*≈
**,,,*****,** #fz.### *,,,*≈
*,,,* *,* #.○.# *,,,*≈ ***** *,*
*#...#* *,,,*≈ **,***.....**
*,,,*≈ *,,,*#......* *,,,*≈
*,,,*#>.....* *,,,*≈
***,,,*##.....# *,,,*≈


You could see a curse toe, a death cob, a deathcap and 4 wandering mushrooms.

Vanquished Creatures
  Margery (Vaults:3)
  2 caustic shrikes (Depths:4)
  Saint Roka (Depths:4)
  Vashnia (Snake:2)
  Xtahua (Depths:3)
  Nikola (Depths:3)
  2 golden dragons (Depths:5)
  Jory (Depths:4)
  2 liches
  Rupert (Orc:2)
  4 tentacled monstrosities
  A deep elf master archer (Elf:3)
  3 deep elf blademasters (Elf:2)
  4 titans (Depths:4)
  A quicksilver dragon (Depths:4)
  A kraken (Shoals:1)
  4 sphinxes
  27 acid blobs
  2 death cobs
  6 tengu reavers
  Kirke (Elf:1)
  6 shadow dragons
  3 storm dragons
  9 azure jellies
  A revenant (Crypt:1)
  Agnes (Snake:2)
  10 nagarajas
  7 frost giants
  A draconian scorcher (Zot:2)
  9 fire giants
  A daeva (Depths:3)
  2 draconian knights
  8 deep elf sorcerers
  4 deep elf elementalists
  Aizul (Snake:2)
  11 vault wardens
  A draconian shifter (Depths:5)
  2 ghouls
  A draconian annihilator (Zot:2)
  A spriggan defender (Depths:4)
  11 ironheart preservers
  10 very ugly things
  14 stone giants
  An entropy weaver (Vaults:1)
  A draconian stormcaller (Zot:2)
  2 caustic shrike skeletons (Crypt:1)
  An entropy weaver (shapeshifter) (Depths:4)
  Nessos (D:13)
  A black draconian (Depths:5)
  3 green draconians
  5 vampire knights
  A purple draconian (Zot:2)
  A minotaur (Shoals:1)
  2 yellow draconians
  8 deep elf demonologists
  3 white draconians (Zot:2)
  A minotaur (shapeshifter) (Vaults:3)
  5 deep elf annihilators (Elf:3)
  Azrael (Snake:2)
  6 spark wasps
  A red draconian (Zot:2)
  2 dire elephants
  5 merfolk javelineers
  A deep elf death mage (Elf:3)
  7 ettins
  5 yaktaur captains
  5 death oozes
  6 merfolk impalers
  5 deep elf high priests
  A jiangshi (Crypt:1)
  5 fire dragons
  3 rakshasas
  Harold (D:7)
  15 great orbs of eyes
  13 naga warriors
  9 ice dragons
  11 centaur warriors
  3 vault guards
  9 hydras
  A spriggan air mage (Depths:4)
  5 merfolk aquamancers
  19 ogre magi
  3 death knights
  An alligator snapping turtle (Shoals:3)
  The ghost of Cerr the Covert, a journeyman FeWr of Jiyva (Lair:5)
  55 two-headed ogres
  A merfolk avatar (Lair:6)
  A satyr (Shoals:1)
  7 deep troll shamans
  17 anacondas
  5 tengu warriors
  8 deep troll earth magi
  9 dancing weapons
  An orc high priest (Elf:3)
  6 shock serpents
  15 naga sharpshooters
  15 deep elf knights
  A vampire mage (Crypt:1)
  16 hell knights
  A spriggan berserker (Depths:2)
  Urug (D:13)
  A sun demon (Orc:2)
  2 spriggans (Depths:2)
  An iron troll (Depths:5)
  3 shadow wraiths
  Nergalle (Lair:1)
  A storm dragon skeleton (Crypt:1)
  10 skeletal warriors
  7 salamander mystics
  An unseen horror (Vaults:1)
  A glowing orange brain (shapeshifter) (Elf:1)
  An unseen horror (shapeshifter) (Depths:4)
  6 flayed ghosts
  7 naga ritualists
  14 sea snakes
  26 deep trolls
  2 torturous demonspawn (Orc:2)
  3 wizards
  An orange crystal statue (Elf:1)
  4 glowing orange brains
  6 necromancers
  6 phantasmal warriors
  24 deep elf archers
  10 ironbrand convokers
  4 lindwurms (Snake:4)
  29 harpies
  3 wolf spiders
  14 orc knights
  16 mana vipers
  A fire giant zombie (Depths:1)
  43 ugly things
  53 deep elf magi
  8 fauns
  8 shining eyes
  A frost giant zombie (Depths:1)
  17 orc sorcerers
  13 salamanders
  5 manticores
  5 moths of wrath
  9 cyclopes
  5 water nymphs
  16 elephants
  9 guardian serpents
  19 vault sentinels
  45 black mambas
  25 naga magi
  2 eyes of devastation
  An orange demon (Orc:2)
  2 gargoyles
  8 merfolk sirens
  15 spiny frogs
  4 rime drakes
  An efreet (D:15)
  10 komodo dragons
  A komodo dragon (shapeshifter) (Depths:1)
  A demonic crawler (Abyss:3)
  33 yaktaurs
  5 tengu conjurers
  An ice devil (Orc:2)
  A jumping spider (shapeshifter) (Depths:3)
  12 freezing wraiths
  A jumping spider (Vaults:1)
  A shadow dragon simulacrum (Depths:1)
  8 trolls
  3 meliai (Shoals:1)
  2 hellwings (Orc:2)
  27 merfolk
  10 wind drakes
  7 hornets
  Prince Ribbit (D:7)
  16 blink frogs
  4 polar bears
  105 slime creatures
  30 dream sheep
  A jumping spider zombie (Crypt:1)
  A meliai zombie (D:13)
  13 snapping turtles
  9 hippogriffs
  An ice dragon zombie (Depths:1)
  2 redbacks (D:15)
  26 water elementals
  5 wyverns
  A fire dragon skeleton (Depths:1)
  An air elemental (Elf:3)
  A centaur simulacrum (D:15)
  2 shadows
  A ynoxinul (Abyss:3)
  3 hogs (Elf:1)
  A human (shapeshifter) (Depths:2)
  7 wraiths
  7 fire elementals
  29 yaks
  21 humans (D:13)
  12 golden eyes (Slime:2)
  2 basilisks
  A chaos spawn (Orc:2)
  3 hungry ghosts
  A steam dragon (D:11)
  3 human simulacra
  A steam dragon (shapeshifter) (Vaults:3)
  2 vampire mosquitoes (D:14)
  A neqoxec (Orc:2)
  2 soldier ants (D:15)
  2 insubstantial wisps (D:11)
  5 wargs
  52 nagas
  A hell hound (Snake:2)
  20 water moccasins
  4 acid dragons
  9 porcupines
  A floating eye (shapeshifter) (Depths:5)
  A water moccasin (shapeshifter) (Elf:2)
  A water nymph skeleton (Crypt:1)
  Duvessa (D:5)
  41 orc warriors
  2 black bears (D:8)
  7 necrophages
  12 eyes of draining
  7 ice beasts
  9 sky beasts
  3 boggarts (Vaults:1)
  4 wolves
  A phantom (D:11)
  44 ogres
  A boggart (shapeshifter) (Vaults:1)
  30 centaurs
  An elf simulacrum (Vaults:1)
  19 crocodiles
  A big kobold (D:9)
  18 bullfrogs
  2 earth elementals (Elf:1)
  A wyvern skeleton (D:9)
  A small abomination (Abyss:3)
  A shapeshifter zombie (Crypt:1)
  2 scorpions
  A troll zombie (D:11)
  18 killer bees
  6 wights
  5 howler monkeys
  A polar bear skeleton (Crypt:1)
  4 electric eels
  A wolf skeleton (Crypt:1)
  6 crimson imps
  3 centaur zombies
  A quasit (D:11)
  4 bullfrog zombies
  4 hounds
  7 jellies
  33 orc priests
  5 centaur skeletons
  2 bullfrog skeletons
  Jessica (D:3)
  7 iguanas
  31 orc wizards
  12 worker ants
  7 ogre zombies (D:11)
  2 hound zombies
  A howler monkey zombie (D:11)
  Robin (D:3)
  A howler monkey skeleton (Crypt:1)
  7 gnolls
  12 adders
  An adder (shapeshifter) (Depths:5)
  6 shadow imps
  3 oozes
  2 adder skeletons
  3 worms
  3 dart slugs (D:1)
  7 leopard geckos
  95 orcs
  6 giant cockroaches
  16 goblins
  7 hobgoblins
  17 jackals
  14 kobolds
  8 quokkas
  A ball python (D:1)
  9 bats
  5 frilled lizards
  A giant cockroach zombie (D:6)
  3 goblin skeletons
  4 goblin zombies (D:11)
  A hobgoblin skeleton (D:11)
  4 hobgoblin zombies (D:11)
  A jackal zombie (D:5)
  3 orc skeletons (D:11)
  11 orc zombies (D:11)
  A quokka skeleton (D:4)
  9 rats
  4 fungi
  9 plants (Shoals:2)
  A tentacle (Shoals:1)
2220 creatures vanquished.

Vanquished Creatures (others)
  A stone giant (Vaults:4)
  A yaktaur captain (Vaults:4)
  A centaur warrior (Vaults:2)
  2 yaktaurs (Vaults:3)
  18 fungi
  34 plants
  8 tentacles (Shoals:1)
  5 withered plants (D:12)
70 creatures vanquished.

Grand Total: 2290 creatures vanquished

Notes
Turn   | Place    | Note
-------+----------+-------------------------------------------
     0 | D:1      | Baz the Human Earth Elementalist began the quest for the
                  | Orb.
     0 | D:1      | Reached XP level 1. HP: 13/13 MP: 3/3
   102 | D:1      | Reached XP level 2. HP: 19/19 MP: 1/5
   504 | D:1      | Reached XP level 3. HP: 24/24 MP: 3/6
   994 | D:1      | Learned a level 3 spell: Stone Arrow
  1289 | D:1      | Reached XP level 4. HP: 30/30 MP: 4/8
  2183 | D:3      | Noticed Jessica
  2204 | D:3      | Reached skill level 1 in Conjurations
  2334 | D:3      | Killed Jessica
  2334 | D:3      | Reached XP level 5. HP: 35/35 MP: 7/9
  2642 | D:3      | Noticed Robin
  2682 | D:3      | Gained mutation: You are partially covered in large bone
                  | plates. (SH +4) [potion of mutation]
  2682 | D:3      | Gained mutation: You are frail. (-10% HP) [potion of
                  | mutation]
  2682 | D:3      | Gained mutation: Your natural rate of healing is unusually
                  | fast. [potion of mutation]
  2686 | D:3      | Killed Robin
  2801 | D:3      | Reached XP level 6. HP: 35/36 MP: 8/10
  2906 | D:3      | Reached skill level 5 in Earth Magic
  3079 | D:3      | Learned a level 5 spell: Lee's Rapid Deconstruction
  3907 | D:5      | Entered Level 5 of the Dungeon
  3955 | D:5      | Reached XP level 7. HP: 31/41 MP: 3/12
  4271 | D:5      | Found a shadowy altar of Dithmenos.
  4362 | D:5      | Noticed Dowan
  4368 | D:5      | Noticed Duvessa
  4564 | D:5      | Lost mutation: You are frail. (-10% HP) [potion of
                  | mutation]
  4564 | D:5      | Gained mutation: Your body sometimes deteriorates upon
                  | taking damage. [potion of mutation]
  4564 | D:5      | Gained mutation: You have sharp toenails. [potion of
                  | mutation]
  4564 | D:5      | Gained mutation: You have razor-sharp toenails. [potion of
                  | mutation]
  4564 | D:5      | Gained mutation: You are somewhat resistant to further
                  | mutation. [potion of mutation]
  4733 | D:5      | Reached XP level 8. HP: 50/52 MP: 11/14
  5220 | D:5      | Killed Duvessa
  5875 | D:6      | Found a hazy altar of Hepliaklqana.
  5894 | D:6      | Reached skill level 5 in Spellcasting
  6559 | D:7      | Noticed Harold
  6601 | D:7      | Reached XP level 9. HP: 14/57 MP: 0/16
  6618 | D:7      | Killed Harold
  6618 | D:7      | Reached skill level 5 in Conjurations
  6795 | D:7      | Found a staircase to the Ecumenical Temple.
  6819 | Temple   | Entered the Ecumenical Temple
  6985 | Temple   | Became a worshipper of Vehumet
  7111 | D:7      | Noticed a gargoyle
  7118 | D:7      | Killed a gargoyle
  7262 | D:7      | Noticed Prince Ribbit
  7268 | D:7      | Killed Prince Ribbit
  7268 | D:7      | Reached XP level 10. HP: 56/63 MP: 6/19
  7765 | D:8      | Reached skill level 10 in Earth Magic
  8107 | D:8      | Noticed a two-headed ogre
  8300 | D:8      | Killed a two-headed ogre
  9291 | D:8      | Found a staircase to the Lair.
  9444 | D:8      | Reached skill level 1 in Shields
  9444 | D:8      | Reached XP level 11. HP: 52/68 MP: 2/22
  9559 | D:9      | Reached * piety under Vehumet
  9559 | D:9      | Offered knowledge of Freeze by Vehumet.
  9938 | D:9      | Found a sacrificial altar of Ru.
  9938 | D:9      | Found an iron altar of Okawaru.
  9945 | D:9      | Found a sparkling altar of Nemelex Xobeh.
  9947 | D:9      | Found a glowing golden altar of the Shining One.
  9949 | D:9      | Found a shattered altar of Ashenzari.
 10408 | D:9      | Found a shimmering altar of Xom.
 11175 | D:10     | Entered Level 10 of the Dungeon
 12351 | D:10     | You fall through a shaft for 2 floors!
 12373 | D:12     | Reached ** piety under Vehumet
 12373 | D:12     | Offered knowledge of Magic Dart by Vehumet.
 12624 | D:11     | Noticed a two-headed ogre
 12631 | D:11     | Killed a two-headed ogre
 13177 | Lair:1   | Entered Level 1 of the Lair of Beasts
 13184 | Lair:1   | Learned a level 5 spell: Fireball
 13201 | Lair:1   | Reached skill level 1 in Fire Magic
 13292 | Lair:2   | Noticed a six-headed hydra
 13346 | Lair:2   | Reached skill level 1 in Armour
 13706 | Lair:1   | Reached XP level 12. HP: 67/74 MP: 7/24
 13744 | Lair:1   | Noticed Nergalle
 13755 | Lair:1   | Killed Nergalle
 13927 | Lair:1   | Got a vibrating wooden ring
 13928 | Lair:1   | Identified the ring "Uxzus" {Dex+4 SInv} (You found it on
                  | level 1 of the Lair of Beasts)
 14405 | Lair:1   | Reached skill level 5 in Fire Magic
 14416 | Lair:1   | Offered knowledge of Ignite Poison by Vehumet.
 15216 | Lair:2   | Killed a six-headed hydra
 15795 | Lair:2   | Found a radiant altar of Vehumet.
 16169 | Lair:3   | Reached skill level 5 in Armour
 16304 | Lair:3   | Reached *** piety under Vehumet
 16465 | Lair:3   | Found a staircase to the Snake Pit.
 16487 | Lair:3   | Reached XP level 13. HP: 80/80 MP: 16/26
 16489 | Lair:3   | Reached skill level 1 in Fighting
 16819 | Lair:3   | Reached skill level 10 in Spellcasting
 16937 | Lair:3   | Offered knowledge of Force Lance by Vehumet.
 17432 | Lair:4   | Noticed a five-headed hydra
 17438 | Lair:3   | Killed a five-headed hydra
 17573 | Lair:4   | Noticed a five-headed hydra
 17581 | Lair:4   | Killed a five-headed hydra
 18123 | Lair:4   | Reached **** piety under Vehumet
 18178 | Lair:4   | Noticed an anaconda
 18233 | Lair:4   | Killed an anaconda
 18319 | Lair:4   | Reached skill level 10 in Fire Magic
 18611 | Lair:4   | Found a staircase to the Shoals.
 18727 | Lair:4   | Reached skill level 10 in Conjurations
 18905 | Lair:4   | Noticed a five-headed hydra
 18913 | Lair:4   | Killed a five-headed hydra
 18913 | Lair:4   | Reached skill level 5 in Fighting
 19397 | Lair:5   | Noticed a four-headed hydra
 19409 | Lair:5   | Killed a four-headed hydra
 19409 | Lair:5   | Offered knowledge of Irradiate by Vehumet.
 19409 | Lair:5   | Reached XP level 14. HP: 84/98 MP: 18/28
 19817 | Lair:5   | Found a runed translucent door.
 19820 | Lair:5   | Noticed Cerr's ghost (journeyman FeWr)
 20558 | Lair:5   | Killed Cerr's ghost
 20634 | Lair:6   | Entered Level 6 of the Lair of Beasts
 21739 | Lair:5   | Learned a level 5 spell: Irradiate
 21742 | Lair:6   | Reached ***** piety under Vehumet
 21742 | Lair:6   | Offered knowledge of Ozocubu's Refrigeration by Vehumet.
 21956 | Lair:6   | Noticed a dire elephant
 21986 | Lair:5   | Killed a dire elephant
 23744 | Lair:6   | Got a steaming granite ring
 23746 | Lair:6   | Identified the ring of Japukuj {+Fly Str+2 SInv} (You found
                  | it on level 6 of the Lair of Beasts)
 23843 | Lair:6   | Found a staircase to the Slime Pits.
 23844 | Lair:6   | Found a viscous altar of Jiyva.
 24686 | D:11     | Reached XP level 15. HP: 95/108 MP: 16/30
 24874 | D:11     | Found a staircase to the Orcish Mines.
 25583 | D:11     | Offered knowledge of Yara's Violent Unravelling by Vehumet.
 26702 | D:12     | Found a runed translucent gate.
 26702 | D:12     | Found a runed translucent gate.
 26702 | D:12     | Found a runed translucent gate.
 26710 | D:12     | Noticed NochnoyZador's ghost (journeyman GrFi)
 26710 | D:12     | Noticed vvokhom's ghost (journeyman MfGl)
 27166 | D:12     | You fall through a shaft for 2 floors!
 28956 | D:13     | Noticed Nessos
 28967 | D:13     | Killed Nessos
 29752 | D:13     | Found a gate to the Vaults.
 29765 | D:13     | Learned a level 2 spell: Blink
 30141 | D:13     | Noticed Urug
 30154 | D:13     | Killed Urug
 30154 | D:13     | Reached skill level 1 in Translocations
 31314 | Orc:1    | Entered Level 1 of the Orcish Mines
 31317 | Orc:1    | Offered knowledge of Bolt of Cold by Vehumet.
 32090 | Orc:2    | Entered Level 2 of the Orcish Mines
 32094 | Orc:2    | Noticed Rupert
 32772 | Orc:2    | Reached XP level 16. HP: 120/120 MP: 30/32
 33173 | Orc:2    | Found Ithoor's Magic Scroll Boutique.
 33433 | Orc:2    | Found Ruloeh's General Store.
 33668 | D:15     | Entered Level 15 of the Dungeon
 34829 | D:15     | Learned a level 6 spell: Bolt of Cold
 35256 | D:15     | Found a sacrificial altar of Ru.
 35754 | D:15     | Found a staircase to the Depths.
 35914 | D:15     | Reached skill level 10 in Fighting
 36010 | D:15     | Found Riob's Magic Scroll Shop.
 36026 | D:15     | Bought a scroll of identify for 30 gold pieces
 36026 | D:15     | Bought a scroll of identify for 30 gold pieces
 36026 | D:15     | Bought a scroll of identify for 30 gold pieces
 36032 | D:15     | Bought a scroll of identify for 30 gold pieces
 36620 | Snake:1  | Entered Level 1 of the Snake Pit
 36638 | Snake:1  | Reached skill level 15 in Conjurations
 37087 | Lair:3   | Found a staircase to the Snake Pit.
 37696 | Shoals:1 | Entered Level 1 of the Shoals
 37701 | Shoals:1 | Offered knowledge of Iskenderun's Battlesphere by Vehumet.
 38146 | Shoals:1 | Noticed a kraken
 38276 | Shoals:1 | Killed a kraken
 39155 | Shoals:1 | Reached XP level 17. HP: 117/129 MP: 17/34
 39273 | Shoals:1 | Reached skill level 1 in Evocations
 39341 | Shoals:1 | Found a hide-covered altar of Uskayaw.
 39481 | Shoals:1 | Got a transparent fustibalus
 39482 | Shoals:1 | Identified the +9 fustibalus of Famine {freeze, Str+4} (You
                  | found it on level 1 of the Shoals)
 41616 | Shoals:2 | Reached skill level 5 in Evocations
 43135 | Shoals:3 | Offered knowledge of Iron Shot by Vehumet.
 43282 | Shoals:3 | Reached skill level 5 in Dodging
 43776 | Shoals:3 | Got a fine ring mail
 43787 | Shoals:3 | Identified the +3 ring mail of the Bruised Deaths {rN+
                  | Dex+5} (You found it on level 3 of the Shoals)
 43874 | Shoals:4 | Entered Level 4 of the Shoals
 45220 | Shoals:4 | Reached XP level 18. HP: 136/136 MP: 23/36
 45342 | Shoals:4 | Got a barnacled rune of Zot
 45380 | Shoals:4 | Learned a level 6 spell: Iron Shot
 45995 | Orc:2    | Paralysed by Rupert for 2 turns
 46001 | Orc:2    | Killed Rupert
 46387 | Orc:2    | Bought a scroll of teleportation for 48 gold pieces
 46746 | Orc:2    | Offered knowledge of Orb of Destruction by Vehumet.
 47214 | Orc:2    | Paralysed by an orc sorcerer for 5 turns
 47219 | Orc:2    | Reached skill level 1 in Ice Magic
 47319 | Orc:2    | Found Golyoleo's Gadget Shoppe.
 47319 | Orc:2    | Found Lafol's Antique Armour Emporium.
 47322 | Orc:2    | Found a one-way gate leading to the halls of Pandemonium.
 47366 | Orc:2    | Bought a slimy ring mail for 225 gold pieces
 47366 | Orc:2    | Bought a pair of embroidered boots for 187 gold pieces
 47376 | Orc:2    | Identified the +1 ring mail of Gullinin {SInv} (You bought
                  | it in a shop on level 2 of the Orcish Mines)
 47393 | Orc:2    | Bought a pair of runed boots for 187 gold pieces
 47453 | Orc:2    | Bought a scroll of acquirement for 520 gold pieces
 47479 | Orc:2    | Bought a scroll of identify for 20 gold pieces
 47645 | Orc:2    | Found a staircase to the Elven Halls.
 47934 | Elf:1    | Entered Level 1 of the Elven Halls
 49795 | Elf:1    | Reached skill level 5 in Shields
 50510 | Elf:1    | Noticed Kirke
 50687 | Elf:1    | Killed Kirke
 51206 | Elf:1    | Identified the Almanac of Arcane Weapons
 51550 | Vaults:1 | Entered Level 1 of the Vaults
 51567 | D:13     | Offered knowledge of Poison Arrow by Vehumet.
 51927 | Vaults:1 | Reached XP level 19. HP: 142/142 MP: 10/37
 52151 | Vaults:1 | Reached skill level 5 in Ice Magic
 52923 | Vaults:1 | Reached skill level 15 in Spellcasting
 54443 | Vaults:1 | Found a large runed translucent door.
 54443 | Vaults:1 | Found a large runed translucent door.
 54448 | Vaults:1 | Noticed SlowGraham's ghost (legendary KoMo)
 55773 | Vaults:2 | Paralysed by a great orb of eyes for 6 turns
 56445 | Vaults:2 | Noticed a tentacled monstrosity
 56516 | Vaults:1 | Killed a tentacled monstrosity
 57160 | Vaults:2 | Found Del Sulisk's Antique Armour Boutique.
 57170 | Vaults:2 | Bought a glowing helmet for 337 gold pieces
 58613 | Vaults:2 | Reached XP level 20. HP: 149/149 MP: 10/39
 59407 | Vaults:2 | Reached ****** piety under Vehumet
 60004 | Vaults:2 | Offered knowledge of Lehudib's Crystal Spear by Vehumet.
 60004 | Vaults:2 | Offered knowledge of Glaciate by Vehumet.
 60004 | Vaults:2 | Offered knowledge of Shatter by Vehumet.
 60808 | Vaults:3 | Reached skill level 10 in Shields
 61623 | Vaults:3 | Found a staircase to the Crypt.
 61623 | Vaults:3 | Found a basalt altar of Yredelemnul.
 61624 | Vaults:3 | Found an ancient bone altar of Kikubaaqudgha.
 62302 | Vaults:3 | Found Visch's Food Boutique.
 63105 | Vaults:3 | Noticed Margery
 63337 | Vaults:3 | Killed Margery
 64101 | Vaults:3 | Reached XP level 21. HP: 140/154 MP: 22/41
 66021 | Vaults:4 | Paralysed by an orc sorcerer for 3 turns
 66384 | Vaults:4 | Found Balidgh's Antique Armour Shop.
 67879 | Vaults:4 | Found Wusch's Antique Weapon Boutique.
 69421 | Snake:1  | Got a shimmering helmet
 69432 | Snake:1  | Identified the +0 helmet of the Arcane {rN+ rCorr Str-3
                  | SInv} (You acquired it on level 1 of the Snake Pit)
 70046 | Snake:1  | Found Okashiy's Armour Shoppe.
 70054 | Snake:1  | Bought the +2 cloak of Redivofec {+Fly Slay+2} for 416 gold
                  | pieces
 70424 | Snake:2  | Noticed Aizul
 70428 | Snake:2  | Killed Aizul
 70634 | Snake:2  | Reached skill level 15 in Earth Magic
 71879 | Snake:2  | Noticed Azrael
 71892 | Snake:2  | Killed Azrael
 72229 | Snake:2  | Reached XP level 22. HP: 155/161 MP: 19/43
 72378 | Snake:2  | Noticed Vashnia
 72740 | Snake:2  | Killed Vashnia
 73114 | Snake:3  | Noticed Agnes
 73903 | Snake:2  | Killed Agnes
 75569 | Snake:4  | Entered Level 4 of the Snake Pit
 77127 | Snake:4  | Found Jez Won's General Store.
 79208 | Snake:4  | Reached XP level 23. HP: 170/171 MP: 26/45
 80215 | Snake:4  | Got a serpentine rune of Zot
 80949 | Depths:1 | Entered Level 1 of the Depths
 81137 | Depths:1 | Found a sparkling altar of Nemelex Xobeh.
 81599 | Depths:1 | Paralysed by the power of Zot for 4 turns
 81842 | Depths:1 | Found a gateway to Hell.
 82829 | Depths:1 | Reached skill level 15 in Shields
 83723 | Depths:2 | Found a shattered altar of Ashenzari.
 83921 | Depths:2 | Found a gateway to a ziggurat.
 84390 | Depths:2 | Reached XP level 24. HP: 139/182 MP: 10/46
 87735 | Depths:2 | Got a warped scimitar
 87736 | Depths:2 | Identified the +8 scimitar of a ziggurat {flame, rPois rC+}
                  | (You found it on level 2 of the Depths)
 87898 | Depths:3 | Noticed Xtahua
 87902 | Depths:3 | Killed Xtahua
 88555 | Depths:3 | Reached skill level 10 in Evocations
 88763 | Depths:3 | Found Anih's Distillery.
 88765 | Depths:3 | Found Otimuc's Armour Shop.
 88767 | Depths:3 | Found Zagguidd's Food Boutique.
 89093 | Depths:3 | Noticed Nikola
 89100 | Depths:3 | Killed Nikola
 89298 | Depths:3 | You fall through a shaft for 2 floors!
 89298 | Depths:5 | Entered Level 5 of the Depths
 89382 | Depths:4 | Gained mutation: You are weak. (Str -2) [mutagenic glow]
 90037 | Depths:3 | Identified the +3 plate armour of Safuciy {MR+++ Regen+
                  | rCorr Int-5} (You acquired it on level 3 of the Depths)
 90039 | Depths:3 | Got a bloodstained shield
 90050 | Depths:3 | Identified the +2 shield of Joy {+Fly rPois Stlth+} (You
                  | acquired it on level 3 of the Depths)
 90229 | Depths:3 | Found a glowing golden altar of the Shining One.
 90829 | Depths:4 | Found Nezuutaq's Armour Shoppe.
 90864 | Depths:4 | Noticed a caustic shrike
 90866 | Depths:4 | Killed a caustic shrike
 90873 | Depths:4 | Reached skill level 15 in Fighting
 90875 | Depths:4 | Reached XP level 25. HP: 108/194 MP: 13/46
 91090 | Depths:4 | Noticed a caustic shrike
 91094 | Depths:4 | Killed a caustic shrike
 91379 | Depths:4 | Got a bound turquoise ring
 91381 | Depths:4 | Identified the ring of Freedom {Wiz +Inv +Fly rF+ Dex+4}
                  | (You found it on level 4 of the Depths)
 91595 | Depths:4 | Identified the Tome of Ignition and Talismans
 91602 | Depths:4 | Learned a level 4 spell: Passage of Golubria
 91658 | Depths:4 | Noticed Saint Roka
 91670 | Depths:4 | Killed Saint Roka
 92089 | Depths:4 | Noticed Jory
 92097 | Depths:4 | Killed Jory
 92243 | Depths:4 | Got a flickering golden ring
 92300 | Depths:4 | Found a one-way gate to the infinite horrors of the Abyss.
 93328 | Depths:5 | Identified the ring "Mora" {rPois rF+ MP+9} (You found it
                  | on level 4 of the Depths)
 93329 | Depths:5 | Identified the +0 scale mail of Hadjma {+Blink rPois Str-2}
                  | (You found it on level 5 of the Depths)
 93834 | Depths:5 | Learned a level 8 spell: Lehudib's Crystal Spear
 94043 | Depths:5 | Found a gate to the Realm of Zot.
 94944 | Depths:5 | Learned a level 9 spell: Shatter
 95250 | Crypt:1  | Entered Level 1 of the Crypt
 96072 | Crypt:1  | Identified Sif Muna's Papyrus of Evil Air
 96176 | Crypt:1  | Reached XP level 26. HP: 206/206 MP: 28/46
 98206 | Elf:2    | Found a runed translucent gate.
 98206 | Elf:2    | Found a runed translucent gate.
 98239 | Elf:2    | Found Ithracam's General Store.
 98359 | Elf:2    | Found a runed translucent gate.
 98448 | Elf:2    | Got a brightly glowing tin amulet
 98449 | Elf:2    | Identified the amulet "Feppysch" {Harm *Contam *Drain +Inv
                  | rPois Stlth+} (You acquired it on level 2 of the Elven
                  | Halls)
 98546 | Elf:3    | Entered Level 3 of the Elven Halls
 99681 | Elf:3    | Found a radiant altar of Vehumet.
100377 | Elf:3    | Identified the +11 long sword "Leviticus" {slice, Str+7
                  | Int+5}
100738 | Elf:3    | Identified the +2 hand axe "Kytwedgh" {flame, rF+ Stlth+}
100872 | Elf:3    | Identified the cursed +2 long sword of Distant Worlds
                  | {venom, rC- MR- Str+9 SInv}
100998 | Elf:3    | Identified the ring "Heycru" {rF++ Stlth-}
101084 | Elf:3    | Identified the +10 war axe of Brutal Revenge {chop, rPois}
101084 | Elf:3    | Identified the ring "Buth" {rF+ rC+}
101282 | Elf:3    | Cast into level 3 of the Abyss (a deep elf demonologist)
101286 | Abyss:3  | Found a corrupted altar of Lugonu.
101358 | Elf:3    | Escaped the Abyss
101568 | Elf:3    | Identified the Guide on the Snowflakes
101600 | Elf:3    | Identified Sif Muna's Handbook of Arcane Weapons and
                  | Transmutation
101610 | Elf:3    | Learned a level 1 spell: Apportation
101752 | Elf:3    | Identified the +7 demon trident of Awkwardness {freeze,
                  | +Fly rElec rF+} (You found it on level 3 of the Elven
                  | Halls)
101755 | Elf:3    | Identified the +6 quarterstaff "Beastslayer" {crush, Str-4
                  | Dex+3} (You found it on level 3 of the Elven Halls)
101761 | Elf:3    | Identified the cursed +0 spear of Borudak {pierce, +Inv MR-
                  | Str+5} (You found it on level 3 of the Elven Halls)
102531 | Slime:1  | Entered Level 1 of the Pits of Slime
102539 | Slime:1  | Reached skill level 1 in Polearms
104962 | Slime:2  | Reached skill level 10 in Armour
104962 | Slime:2  | Reached XP level 27. HP: 186/214 MP: 24/46
105474 | Slime:5  | Entered Level 5 of the Pits of Slime
105514 | Slime:5  | Reached skill level 5 in Polearms
107836 | Slime:5  | Noticed the Royal Jelly
107849 | Slime:5  | Found a viscous altar of Jiyva.
107860 | Slime:5  | Found the +5 scythe "Finisher" {speed, eviscerate}
108114 | Slime:5  | Got a shimmering tin amulet
108117 | Slime:5  | Got a slimy rune of Zot
108138 | Slime:5  | Identified the ring of Jedghol {+Inv +Fly rElec Int+3
                  | Dex+6} (You found it on level 5 of the Pits of Slime)
108139 | Slime:5  | Identified the amulet "Kaotufuz" {Inacc MR- Int+5} (You
                  | found it on level 5 of the Pits of Slime)
108216 | Slime:5  | Identified the Grimoire of Shape Shifting
108218 | Slime:5  | Identified the Collected Works on Enchanting Flight
108767 | Zot:1    | Entered Level 1 of the Realm of Zot
109063 | Zot:1    | Got a pair of steaming gloves
109064 | Zot:1    | Identified the -2 pair of gloves of Queteil {*Corrode Dex+2
                  | SInv} (You acquired it on level 1 of the Realm of Zot)
110266 | Zot:3    | HP: 6/213 [deathcap[a curse toe] (16)]
110266 | Zot:3    | Slain by a wandering mushroom

Skill      XL: |  1  2  3  4  5  6  7  8  9 10 11 12 13 14 15 16 17 18 19 20 21 22 23 24 25 26 27 |
---------------+----------------------------------------------------------------------------------+-----
Earth Magic    | 4 5 6 8 9 11 12 14 15 16 18 19 | 19.9
Conjurations   | 1 2 3 4 6 7 9 10 12 14 15 | 15.8
Spellcasting   | 3 4 5 6 7 8 9 10 11 12 13 14 15 16 17 18 19 | 19.0
Shields        | 1 4 6 9 11 12 14 15 | 15.0
Fire Magic     | 2 7 10 | 10.0
Armour         | 1 5 8 10 11 | 11.8
Fighting       | 5 7 9 10 11 13 15 16 17 | 17.1
Translocations | 2 4 |  4.0
Evocations     | 7 8 11 12 13 | 13.6
Dodging        | 5 |  5.1
Ice Magic      | 4 6 |  6.4
Transmutations | 2 |  2.0
Polearms       | 4 7 |  7.5
Short Blades   | |  0.1
Stealth        | |  2.0

Action                   |  1- 3 |  4- 6 |  7- 9 | 10-12 | 13-15 | 16-18 | 19-21 | 22-24 | 25-27 || total
-------------------------+-------+-------+-------+-------+-------+-------+-------+-------+-------++-------
Melee: Short sword       |    60 |   234 |   114 |    33 |       |       |       |       |       ||   441
       Kick              |       |       |    28 |     7 |    30 |     1 |       |       |       ||    66
       Staff             |       |       |       |       |    95 |     8 |    29 |     9 |     4 ||   145
       Demon trident     |       |       |       |       |       |       |       |       |    22 ||    22
 Cast: Sandblast         |    26 |    58 |    95 |   106 |   244 |    89 |    71 |   144 |    67 ||   900
       Stone Arrow       |       |     6 |    14 |   282 |   535 |   300 |    28 |       |    13 ||  1178
       Fireball          |       |       |       |     2 |   120 |   371 |   120 |    94 |   110 ||   817
       Irradiate         |       |       |       |       |    17 |    41 |    54 |    74 |    71 ||   257
       Lee's Rapid Decon |       |       |       |       |       |     9 |    27 |    53 |    48 ||   137
       Blink             |       |       |       |       |       |     3 |     3 |       |     3 ||     9
       Bolt of Cold      |       |       |       |       |       |    42 |   212 |   320 |   198 ||   772
       Iron Shot         |       |       |       |       |       |    37 |   260 |   190 |   288 ||   775
       Shatter           |       |       |       |       |       |       |       |       |     4 ||     4
       Apportation       |       |       |       |       |       |       |       |       |     1 ||     1
 Abil: Evoke Flight      |       |       |       |       |       |       |       |    10 |       ||    10
Evoke: Wand              |       |       |       |       |     6 |     2 |       |     2 |     1 ||    11
       Staff of energy   |       |       |       |       |       |     3 |    31 |     5 |    10 ||    49
  Use: Potion            |       |     4 |     5 |       |     1 |     1 |       |     1 |     3 ||    15
       Scroll            |       |     1 |     6 |     9 |    11 |    13 |     8 |     5 |    20 ||    73
 Stab: Sleeping          |     1 |     3 |     2 |     1 |       |       |       |       |       ||     7
  Eat: Chunk             |     2 |     9 |     8 |    23 |    66 |    52 |    41 |    30 |    23 ||   254
       Ration            |       |       |     1 |     2 |     1 |       |     7 |     8 |    11 ||    30
Armor: Robe              |    24 |    71 |    45 |    16 |       |       |       |       |       ||   156
       Troll leather arm |       |       |       |    35 |   154 |    86 |       |       |       ||   275
       Ring mail         |       |       |       |       |       |    40 |   145 |   126 |   145 ||   456
Dodge: Dodged            |    46 |   160 |   107 |   113 |   364 |   229 |   195 |   159 |   131 ||  1504
Block: Other             |       |    29 |    19 |     7 |       |       |       |       |       ||    55
       Buckler           |       |       |       |    64 |   238 |   181 |    60 |       |       ||   543
       Shield            |       |       |       |       |       |       |   324 |   419 |   361 ||  1104
       Reflection        |       |       |       |       |       |       |    41 |    56 |       ||    97
